 Dungeon Crawl Stone Soup version 0.26-a0-639-g72c4674329 (webtiles) character file.

Game seed: 13145279209786516413

23 Colgate the Conjurer (level 2, -8/22 HPs)
             Began as a Naga Conjurer on Sept 15, 2020.
             Was an Initiate of Cheibriados.
             Mangled by a phantom (9 damage)
             ... on level 2 of the Dungeon.
             The game lasted 00:08:07 (1040 turns).

Colgate the Conjurer (Naga Conjurer)                Turns: 1040, Time: 00:08:08

Health: -8/22      AC:  2    Str: 10    XL:     2   Next: 95%
Magic:  1/5        EV: 10    Int: 19    God:    Cheibriados [......]
Gold:   20         SH:  0    Dex: 10    Spells: 2/5 levels left

rFire    . . .     SeeInvis +   c - +0 dagger
rCold    . . .     Faith    .   (no shield)
rNeg     . . .     Spirit   .   a - +0 robe
rPois    +         Reflect  .   g - +0 helmet
rElec    .         Harm     .   (no cloak)
rCorr    .         Rampage  .   (no gloves)
MR       .....                  (no barding)
Stlth    ++........             i - amulet of regeneration (curse)
HPRegen  0.47/turn              (no ring)
MPRegen  0.09/turn              (no ring)

@: very slow
A: large, see invisible, deformed body, poison resistance, slowness 2, spit
poison 1, AC +0
a: Spit Poison, Bend Time, Renounce Religion


You were on level 2 of the Dungeon.
You worshipped Cheibriados.
Cheibriados was noncommittal.
You visited 1 branch of the dungeon, and saw 2 of its levels.

You collected 20 gold pieces.

Inventory:

Hand Weapons
 c - a +0 dagger (weapon)
Missiles
 b - 45 arrows
 e - 26 poisoned darts (quivered)
Armour
 a - a +0 robe (worn)
 g - a +0 helmet (worn)
 j - a +0 ring mail
Jewellery
 i - a cursed amulet of regeneration (around neck)
Scrolls
 d - a scroll of blinking {unknown}
 f - a scroll of random uselessness {unknown}
 h - a scroll of enchant armour {unknown}
 k - a scroll of identify {unknown}


   Skills:
 - Level 1.5 Dodging
 - Level 3.0 Stealth
 - Level 2.0 Spellcasting
 + Level 4.8 Conjurations


You had 2 spell levels left.
You knew the following spells:

 Your Spells              Type           Power        Failure   Level
a - Magic Dart            Conj           ###.         2%          1
b - Searing Ray           Conj           ###...       3%          2

Your spell library contained the following spells:

 Spells                   Type           Power        Failure   Level
 Dazzling Flash           Conj/Hex       ##....       19%         3
 Fulminant Prism          Conj/Hex       ##........   52%         4
 Iskenderun's Mystic Bla  Conj/Tloc      ##......     52%         4


Dungeon Overview and Level Annotations

Branches:
Dungeon (2/15)

Altars:
Cheibriados


Innate Abilities, Weirdness & Mutations

You cannot wear boots.
Your serpentine skin is tough. (AC +0)
You have supernaturally acute eyesight. (SInv)
Armour fits poorly on your strangely shaped body.
Your system is resistant to poisons. (rPois)
You cover ground very slowly.
You can spit poison.


Message History

The phantom is lightly damaged.
The phantom hits you.
* * * LOW HITPOINT WARNING * * *
You barely miss the phantom.
The phantom is lightly damaged.
The phantom completely misses you.
You barely miss the phantom.
The phantom is lightly damaged.
The phantom closely misses you.
You closely miss the phantom.
The phantom is lightly damaged.
The phantom misses you.
You hit the phantom but do no damage.
The phantom is lightly damaged.
The phantom hits you.
* * * LOW HITPOINT WARNING * * *
You closely miss the phantom.
The phantom is lightly damaged.
The phantom hits you!
You die...

+....<..........
####.##.#...##
#.##.....##.#
#.##.#......# #+#
###.##.##..####
#.####......# .##
#........##.# .#
###.#########.##.#####
#.......).....@W......
#.........###.#####...
#.......[.# #.#
#.........# #.#
###.#####.# #.# #..
..# #.# ### ### #.#
... ###


You could see a phantom.

Vanquished Creatures
  A worm (D:2)
  A dart slug (D:1)
  A leopard gecko (D:1)
  3 bats (D:1)
  A giant cockroach (D:1)
  A goblin (D:1)
  A hobgoblin (D:1)
  3 kobolds
  2 frilled lizards (D:1)
  3 rats (D:1)
17 creatures vanquished.

Notes
Turn   | Place    | Note
-------+----------+-------------------------------------------
     0 | D:1      | Colgate the Naga Conjurer began the quest for the Orb.
     0 | D:1      | Reached XP level 1. HP: 15/15 MP: 3/3
   238 | D:1      | Reached XP level 2. HP: 22/22 MP: 5/5
   311 | D:1      | Learned a level 2 spell: Searing Ray
   550 | D:1      | Found a snail-covered altar of Cheibriados.
   554 | D:1      | Became a worshipper of Cheibriados the Contemplative
  1028 | D:2      | Noticed a phantom
  1039 | D:2      | HP: 1/22 [phantom (5)]
  1040 | D:2      | Mangled by a phantom

Illustrated notes

Levels and vault maps discovered:
D:1:      psy_arrival_whirlpool, layout_basic, cheibriados_altar_1
D:2:      layout_basic

Action                   || total
-------------------------++-------
Melee: Dagger            ||    12
Throw: Dart              ||     1
 Cast: Magic Dart        ||     3
       Searing Ray       ||     8
Invok: Bend Time         ||     1
 Abil: Spit Poison       ||     9
 Stab: Sleeping          ||     3
Armor: Robe              ||     3
Dodge: Dodged            ||     8

Table legend: (Time is in decaauts)
 A = Elapsed time spent in this place.
 B = Non-inter-level travel time spent in this place.
 C = Inter-level travel time spent in this place.
 D = Time resting spent in this place.
 E = Time spent auto-exploring this place.
 F = Levels seen in this place.
 G = Mean time per level.
                   A        B        C        D        E       F      G
               +--------+--------+--------+--------+--------+-----+--------+
         Total |   1465 |   1423 |     42 |      0 |   1191 |   2 |  732.5 |
       Dungeon |   1465 |   1423 |     42 |      0 |   1191 |   2 |  732.5 |
               +--------+--------+--------+--------+--------+-----+--------+

Top non-repeatable levels by time:
     D:1: 1334 daAuts
     D:2: 130 daAuts
